 Dungeon Crawl Stone Soup version 0.19-a0-1489-ga782747 (webtiles) character file.

711 Lasiace the Basher (level 7, -5/80 HPs)
             Began as an Ogre Chaos Knight on Sept 8, 2016.
             Slain by plsesad's ghost (12 damage)
             ... on level 5 of the Dungeon.
             The game lasted 00:06:58 (3514 turns).

Lasiace the Basher (Ogre Chaos Knight)              Turns: 3514, Time: 00:06:59

Health: -5/80      AC: 10    Str: 23      XL:     7   Next: 68%
Magic:  7/7        EV: 10    Int: 16      God:    Xom [*.....]
Gold:   168        SH:  0    Dex: 10 (11) Spells: 0 memorised, 6 levels left

rFire  . . .     SeeInvis .     a - +2 morningstar (protect)
rCold  . . .     Gourm    .     A - +2 robe
rNeg   . . .     Faith    .     (no shield)
rPois  .         Spirit   .     (helmet restricted)
rElec  .         Dismiss  .     (no cloak)
rCorr  .         Reflect  .     (gloves unavailable)
MR     +....     Harm     .     (boots unavailable)
Stlth  +.........               (no amulet)
                                U - ring of protection from magic
                                O - +5 ring of strength

@: brilliant, hasted, very quick
A: unfitting armour, tough skin 1
a: Renounce Religion


You were on level 5 of the Dungeon.
You worshipped Xom.
You were a special plaything of Xom.
You were not hungry.

You visited 2 branches of the dungeon, and saw 6 of its levels.

You collected 168 gold pieces.

Inventory:

Hand Weapons
 a - a +2 morningstar of protection (weapon)
 s - a +1 mace of chaos
Armour
 A - a +2 robe (worn)
 S - a +1 robe of the Archmagi
Jewellery
 u - a cursed -2 ring of dexterity {unknown}
 I - a +3 ring of strength
 O - a +5 ring of strength (left hand)
 U - a ring of protection from magic (right hand)
Wands
 t - a wand of acid (11/15)
Scrolls
 g - a scroll of teleportation {@r3}
 j - 2 scrolls of recharging {unknown}
 l - a scroll of blinking {unknown}
 m - a scroll of enchant armour {unknown}
 r - a scroll of magic mapping {unknown}
 x - a scroll of fog
Potions
 b - a potion of haste
 d - a potion of berserk rage {unknown}
 e - 2 potions of heal wounds {unknown}
 f - 2 potions of brilliance
 i - a potion of cure mutation {unknown}
 k - a potion of curing {unknown}
 n - a potion of beneficial mutation {unknown}
 q - a potion of magic {unknown}
 v - 2 potions of lignification {unknown}
Comestibles
 c - 4 bread rations
 h - 2 meat rations
 o - 2 beef jerkies
 p - a slice of pizza
 w - a royal jelly


   Skills:
 - Level 8.1 Fighting
 - Level 8.6 Maces & Flails
 + Level 2.7 Dodging


You had 6 spell levels left.
You didn't know any spells.

Dungeon Overview and Level Annotations

Branches:
Dungeon (5/15)             Temple (1/1) D:4

Altars:
Dithmenos
Elyvilon
Gozag
Hepliaklqana
Kikubaaqudgha
Makhleb
Nemelex Xobeh
Qazlal
Sif Muna
Uskayaw
Vehumet
Xom
Yredelemnul
Zin

Annotations:
D:5 plsesad's ghost, novice FoFi


Innate Abilities, Weirdness & Mutations

You are too large for most types of armour.
You have tough skin. (AC +1)


Message History

Plsesad's ghost hits you!
You barely miss plsesad's ghost.
Plsesad's ghost is heavily damaged.
Plsesad's ghost barely misses you.
You hit plsesad's ghost.
Plsesad's ghost is heavily damaged.
Plsesad's ghost hits you!
* * * LOW HITPOINT WARNING * * *
You barely miss plsesad's ghost.
Plsesad's ghost is heavily damaged.
Plsesad's ghost hits you!
* * * LOW HITPOINT WARNING * * *
It was a potion of brilliance.
You feel clever all of a sudden.
Xom thinks this is hilarious!
Plsesad's ghost hits you.
* * * LOW HITPOINT WARNING * * *
It was a potion of haste.
You feel yourself speed up. Plsesad's ghost hits you!
You die...
Xom thinks this is hilarious!

.......<...#
.......#########.#
....... #.#
....... #.#
....... #.#
....... #.#
....... #.#
.......#########.#
(.....lW@......#.#
##########.###.#.#
#####..##.#.#
#.........#.#
#.###.###.#.# #.#
#.#.# #+###...#
+.....# ###.#.#


You could see an iguana and plsesad's ghost.

Vanquished Creatures
  Sigmund (D:4)
  Eustachio (D:4)
  The ghost of chequers the Slasher, an amateur OpMo (D:4)
  A howler monkey (D:4)
  A crimson imp (D:4)
  2 hounds (D:4)
  10 adders
  A dart slug (D:3)
  3 worms (D:3)
  2 giant geckos (D:2)
  8 orcs
  9 bats
  6 giant cockroaches
  8 goblins
  9 hobgoblins
  3 quokkas
  2 giant newts
  2 jackal skeletons
  5 kobolds
  3 rats
78 creatures vanquished.

Notes
Turn   | Place    | Note
-------+----------+-------------------------------------------
     0 | D:1      | Lasiace the Ogre Chaos Knight began the quest for the Orb.
     0 | D:1      | Reached XP level 1. HP: 24/24 MP: 1/1
    88 | D:1      | Reached XP level 2. HP: 26/33 MP: 2/2
   129 | D:1      | XOM: harmless Air miscast
   130 | D:1      | Reached skill level 5 in Fighting
   499 | D:2      | Found a shadowy altar of Dithmenos.
   608 | D:2      | Reached XP level 3. HP: 42/42 MP: 3/3
   684 | D:2      | XOM: divination: detect items
   781 | D:2      | Reached skill level 5 in Maces & Flails
   972 | D:2      | Reached XP level 4. HP: 40/50 MP: 4/4
  1212 | D:2      | XOM: divination: detect creatures
  1546 | D:3      | XOM: potion effect (brilliance)
  1604 | D:3      | Found a sparkling altar of Nemelex Xobeh.
  1666 | D:3      | Reached XP level 5. HP: 25/59 MP: 5/5
  1796 | D:3      | XOM: divination: detect creatures
  1872 | D:3      | XOM: divination: detect creatures
  1956 | D:3      | XOM: potion effect (invisibility)
  2327 | D:4      | Noticed an ogre
  2327 | D:4      | Noticed chequers's ghost (amateur OpMo)
  2423 | D:4      | Noticed Sigmund
  2529 | D:4      | XOM: harmless Air miscast
  2530 | D:4      | Killed Sigmund
  2530 | D:4      | Reached XP level 6. HP: 61/72 MP: 6/6
  2561 | D:4      | Noticed Eustachio
  2568 | D:4      | XOM: cast spell 'Summon Small Mammal'
  2577 | D:4      | XOM: noise
  2578 | D:4      | XOM: fake destruction
  2579 | D:4      | XOM: butterfly on damage
  2582 | D:4      | Killed Eustachio
  2582 | D:4      | Reached XP level 7. HP: 29/80 MP: 7/7
  2824 | D:4      | Found a burning altar of Makhleb.
  2881 | D:4      | Killed chequers's ghost
  3004 | D:4      | Found a basalt altar of Yredelemnul.
  3139 | D:4      | Found a staircase to the Ecumenical Temple.
  3148 | Temple   | Entered the Ecumenical Temple
  3444 | D:4      | XOM: stat loss: -1 Dex (10/11)
  3470 | D:5      | Entered Level 5 of the Dungeon
  3498 | D:5      | Noticed plsesad's ghost (novice FoFi)
  3514 | D:5      | Slain by plsesad's ghost

Vault maps used:
D:1:      elethiomel_arrival_quiet
D:2:      nicolae_dithmenos_shadow_blocks, wad_woods_river_04
D:3:      minmay_diamond_boxcup, nemelex_xobeh_ov_fountains_minmay
D:4:      makhleb_heckhound_becter, lemuel_round_altar, first_bread,
          uniq_sigmund, uniq_eustachio
D:5:      lemuel_doored_altar
Temple:   eino_wide_crystal_templ

Skill      XL: |  1  2  3  4  5  6  7 |
---------------+----------------------+-----
Fighting       | 5 8 |  8.1
Maces & Flails | 5 6 7 8 |  8.6
Dodging        | |  2.7

Action                   |  1- 3 |  4- 6 |  7- 9 || total
-------------------------+-------+-------+-------++-------
Melee: Mace              |    88 |   106 |    10 ||   204
       Morningstar       |       |    15 |    28 ||    43
  Use: Scroll            |       |     5 |       ||     5
       Potion            |       |       |     2 ||     2
 Stab: Invisible         |       |     1 |       ||     1
       Paralysed         |       |     1 |       ||     1
  Eat: Chunk             |       |     6 |     3 ||     9
Armor: Robe              |    44 |    35 |    10 ||    89
Dodge: Dodged            |    50 |    56 |    16 ||   122
